Cogmind - Beta 10.1 @@@ ROGUE MODE // 2020.10.20 @ 02:31:20 Player: Cog Result: Destroyed by G-50 Soldier with Heavy Laser Performance ------------- Evolutions (3) 1500 Regions Visited (14) 2800 Robots Destroyed (102) 510 Value Destroyed (3789) 3789 Prototype IDs (28) 560 Alien Tech Used (0) 0 Bonus (2127) 2127 TOTAL SCORE: 11286 Bonus ------- High Alert Combat Kills 278 Follower Combat Kills 1019 Entered Garrisons 200 Used RIF Installer 500 Aligned with FarCom 300 Friendly Fire -170 Cogmind --------- Core Integrity 0/700 Matter 269/300 Energy 153/160 System Corruption 1% Temperature Cool (9) Movement Rolling (120) Ox2 Location -6/Proximity Caves Parts ------- > --- POWER (1) -------- Light Nuclear Core > --- PROPULSION (2) --- Armored Huge Wheel > --- UTILITY (8) ------ Advanced Heat Sink Large Storage Unit High-capacity Storage Unit Advanced Signal Interpreter Targeting Computer Improved Light Armor Plating Relay Coupler [Duelist] (17) Relay Coupler [Demolisher] (1) > --- WEAPON (2) ------- Gatling Laser Remote Datajack > --- INVENTORY (18) --- Light Ion Engine Airjet Airjet Superbattery (1702) Improved Particle Charger Relay Coupler [Hunter] (19) Hacking Drone Bay (1/1) Autogun Remote Datajack Spear Peak State ------------ > --- POWER ------------ Improved Deuterium Engine > --- PROPULSION ------- Armored Huge Wheel > --- UTILITY ---------- Improved Cooling System Large Storage Unit High-capacity Storage Unit Superbattery Advanced Signal Interpreter Targeting Computer Improved Light Armor Plating Relay Coupler [Demolisher] > --- WEAPON ----------- Improved EM Pulse Cannon Heavy Ion Cannon > --- INVENTORY -------- Light Nuclear Core Improved Deuterium Engine Armored Huge Wheel Heavy Armor Plating Relay Coupler [Duelist] Relay Coupler [Hunter] Hacking Drone Bay Heavy Ion Cannon Autogun Autogun Remote Datajack Remote Datajack Remote Datajack Spear [Rating: 54] Favorites ----------- Power Improved Deuterium Engine Engine Improved Deuterium Engine Power Core Neutrino Core Propulsion Armored Treads Treads Armored Treads Leg Aluminum Leg Wheel Compact Wheel Utility Large Storage Unit Device ECM Suite Storage Large Storage Unit Processor Advanced Signal Interpreter Hackware Relay Coupler [Brawler] Protection Improved Light Armor Plating Weapon Spear Energy Gun Improved EM Shotgun Energy Cannon EM Pulse Cannon Ballistic Gun Autogun Launcher Proton Missile Launcher Special Weapon Remote Datajack Piercing Weapon Spear Build | -11 -10 -10 -9 -9 -9 -8 -8 -7 -7 -7 -7 -7 -7 -6 ------- Run | Scr Mat Min Mat Min Exi Min Mat Fac Gar Fac Low Low Zio Pro Slots Evolved 6 | . . . 2 . . . 2 2 . . . . . . Power . | . . . . . . . . . . . . . . . Propulsion . | . . . . . . . . . . . . . . . Utility 6 | . . . 2 . . . 2 2 . . . . . . Weapon . | . . . . . . . . . . . . . . . Parts Attached 154 | 1 7 1 9 . 6 2 9 13 32 22 14 11 3 24 Power 15 | . 1 . 2 . . . 2 . 2 2 1 1 . 4 Engine 12 | . 1 . 2 . . . 2 . 2 2 1 . . 2 Core 3 | . . . . . . . . . . . . 1 . 2 Reactor . | . . . . . . . . . . . . . . . Propulsion 17 | . 2 . 1 . 2 . 3 3 2 3 . . . 1 Treads 5 | . . . . . 1 . . 1 2 1 . . . . Leg . | . . . . . . . . . . . . . . . Wheel 12 | . 2 . 1 . 1 . 3 2 . 2 . . . 1 Hover . | . . . . . . . . . . . . . . . Flight . | . . . . . . . . . . . . . . . Utility 64 | 1 3 . 4 . 4 1 4 7 8 11 5 4 2 10 Device 20 | . 1 . 3 . 2 1 1 3 2 3 1 . 1 2 Storage 12 | 1 2 . 1 . 2 . . 1 1 1 1 . . 2 Processor 6 | . . . . . . . 2 . 1 2 1 . . . Hackware 8 | . . . . . . . . 2 2 1 1 . . 2 Protection 18 | . . . . . . . 1 1 2 4 1 4 1 4 Artifact . | . . . . . . . . . . . . . . . Weapon 58 | . 1 1 2 . . 1 . 3 20 6 8 6 1 9 Energy Gun 13 | . . . . . . . . 1 8 2 . . 1 1 Energy Cannon 19 | . 1 1 2 . . 1 . 2 . 1 4 3 . 4 Ballistic Gun 6 | . . . . . . . . . 4 . . . . 2 Ballistic Cannon . | . . . . . . . . . . . . . . . Launcher 6 | . . . . . . . . . 3 . 3 . . . Special Weapon 9 | . . . . . . . . . 2 2 1 2 . 2 Impact Weapon . | . . . . . . . . . . . . . . . Slashing Weapon . | . . . . . . . . . . . . . . . Piercing Weapon 5 | . . . . . . . . . 3 1 . 1 . . Special Melee Weapon . | . . . . . . . . . . . . . . . Unidentified Prototypes 2 | . . . . . . . . . . 1 . . 1 . Parts Lost 44 | . . 1 . . . 1 8 . 11 1 2 1 . 19 Power 6 | . . . . . . . 1 . . . 1 . . 4 Propulsion 7 | . . . . . . . 4 . 2 . . . . 1 Utility 16 | . . . . . . . 1 . 5 1 . 1 . 8 Weapon 15 | . . 1 . . . 1 2 . 4 . 1 . . 6 Highest Loss Streak 8 | . . 1 . . . 1 5 . 7 1 2 1 . 8 Average Slot Usage (%) 94 | . 100 100 97 100 90 86 85 98 97 96 91 91 92 84 Engine 7 | . 14 14 11 11 11 11 8 7 7 6 7 5 . 5 Treads 3 | . . . . . . . . . 10 8 . . . . Wheel 10 | . 26 28 22 22 21 22 16 13 4 2 7 7 7 6 Device 11 | . 1 14 30 33 24 22 13 22 13 5 6 3 . 6 Storage 13 | . 26 14 11 11 11 11 9 7 14 12 15 15 15 18 Processor 9 | . . . . . . . 17 7 8 10 10 15 15 15 Hackware 10 | . . . . . . . . 14 12 22 15 11 7 5 Protection 7 | . . . . . . . 4 6 7 7 11 14 22 8 Energy Gun 3 | . 16 14 2 . . . . 6 4 2 . . . 3 Energy Cannon 6 | . 11 14 19 22 22 20 15 7 2 . 6 4 . 6 Special Weapon 1 | . . . . . . . . . 2 5 . 3 6 . Piercing Weapon 3 | . . . . . . . . . 2 5 7 6 7 . Naked Turns . | . . . . . . . . . . . . . . . Heaviest Build 113 | 17 29 29 42 41 102 102 103 113 58 51 72 80 78 82 Greatest Support 40 | 20 26 26 32 32 32 32 32 28 40 40 28 28 28 28 Greatest Overweight (x) 7 | . 1 1 1 1 3 3 6 7 4 1 2 2 2 2 Average Overweight (x) 1 | . . 1 1 1 2 2 3 1 1 . 1 2 2 1 Largest Inventory Capacity 30 | 8 14 10 10 10 30 24 24 30 10 14 18 18 18 18 Average Capacity 14 | 7 9 10 10 10 20 24 24 11 10 10 15 18 18 18 Most Carried 20 | 6 10 10 10 10 13 15 20 16 10 14 18 18 18 18 Average Carried 12 | 6 8 9 9 10 11 13 16 10 9 10 15 17 17 13 Final Capacity 24 | 8 10 10 10 10 24 24 24 10 10 14 18 18 18 18 Final Carried 18 | 6 10 9 10 10 13 15 17 10 10 14 18 17 18 10 Class Distribution -------------------- 44% | Bothacker-Mutant 21% | Mutant 15% | Scavenger-Mutant 10% | Hauler-Mutant 8% | Hacker-Mutant Dominant Class ---------------- Mutant | -10/Materials Mutant | -10/Mines Mutant | -9/Materials Mutant | -9/Mines Hauler-Mutant | -9/Exiles Hauler-Mutant | -8/Mines Hauler-Mutant | -8/Materials Hacker-Mutant | -7/Factory Scavenger-Mutant | -7/Garrison Bothacker-Mutant | -7/Factory Bothacker-Mutant | -7/Lower Caves Bothacker-Mutant | -7/Lower Caves Bothacker-Mutant | -7/Zion Scavenger-Mutant | -6/Proximity Caves Resources | -11 -10 -10 -9 -9 -9 -8 -8 -7 -7 -7 -7 -7 -7 -6 ----------- Run | Scr Mat Min Mat Min Exi Min Mat Fac Gar Fac Low Low Zio Pro Matter Collected 2034 | 210 89 60 50 . . 40 90 112 541 219 225 140 . 258 Remotely . | . . . . . . . . . . . . . . . Salvage Created 4096 | 102 416 60 327 164 . 20 714 375 1100 273 174 44 . 327 Parts 215 | 2 23 9 18 6 . 1 42 14 52 13 12 3 . 20 Haulers Intercepted 9 | . 2 . 1 . . . 2 2 . 2 . . . . Recyclers Shooed 1 | . . . . . . . 1 . . . . . . . Parts Field Recycled . | . . . . . . . . . . . . . . . Retrieved Matter . | . . . . . . . . . . . . . . . Parts Self-Destructed 36 | . . . . . . . . . . . 17 6 . 13 Prevented 17 | . . . . . . . . . . . 9 3 . 5 Kills | -11 -10 -10 -9 -9 -9 -8 -8 -7 -7 -7 -7 -7 -7 -6 ------- Run | Scr Mat Min Mat Min Exi Min Mat Fac Gar Fac Low Low Zio Pro Combat Hostiles Destroyed 74 | . 8 3 5 4 . . 11 2 23 1 6 1 . 10 Melee 1 | . . . . . . . . . 1 . . . . . Guns 15 | . 2 2 . . . . . 1 5 . . . . 5 Cannons 35 | . 6 1 5 . . . 6 1 8 1 2 1 . 4 AOE 18 | . . . . 2 . . 5 . 7 . 4 . . . Classes Destroyed 12 | 2 4 . 1 1 . 1 2 . . . . 1 . . Worker 6 | . . . . . . 1 3 2 . . . . . . Tunneler 1 | 1 . . . . . . . . . . . . . . Hauler 9 | . 2 . 1 . . . 2 2 . 2 . . . . Recycler 5 | 1 . . . . . . 2 1 . 1 . . . . Operator 4 | . 1 . . . . . 1 2 . . . . . . Watcher 2 | . . . . . . . 2 . . . . . . . Swarmer 33 | . 3 3 . . . . 3 . 10 . 6 . . 8 Grunt 26 | . 5 . 1 3 . . 6 2 8 . . . . 1 Brawler 2 | . . . . 1 . . . . 1 . . . . . Sentry 10 | . . . 4 . . . 1 . 3 1 . . . 1 Hunter 2 | . . . . . . . 1 . 1 . . . . . Programmer 1 | . . . . . . . . . . . . 1 . . Thug 1 | . . . . . . . . . 1 . . . . . Best Kill Streak 8 | 2 3 3 1 2 . 1 8 3 8 2 4 1 . 4 Combat Bots Only 8 | . 3 3 1 2 . . 4 2 8 1 4 1 . 4 Max Kills in Single Turn 4 | 1 1 1 1 2 . 1 3 2 4 1 2 1 . 1 Gunslinging . | . . . . . . . . . . . . . . . Exploded 3 | . . . . 2 . . 2 . 3 . 2 . . . Melee 1 | . . . . . . . . . 1 . . . . . Uniques/NPCs Destroyed . | . . . . . . . . . . . . . . . Combat | -11 -10 -10 -9 -9 -9 -8 -8 -7 -7 -7 -7 -7 -7 -6 -------- Run | Scr Mat Min Mat Min Exi Min Mat Fac Gar Fac Low Low Zio Pro Damage Taken 7145 | . 206 90 140 72 . 26 1189 186 1556 141 723 226 96 2494 Core 1152 | . 66 22 18 . . . 331 . 147 23 108 67 16 354 Absorbed by Shields 47 | . . . . . . . . . 40 . . . . 7 Core Remaining (%) 74 | 100 . 64 . . . 95 39 . . . . . . . Volleys Fired 273 | 4 22 5 10 6 . 3 22 13 85 13 19 10 6 55 Largest 2 | 1 2 2 2 2 . 2 2 2 2 1 1 2 1 2 Hottest 155 | 40 108 108 126 126 . 126 126 114 155 69 69 130 60 134 Shots Fired 400 | 4 43 10 19 10 . 6 42 26 104 13 19 11 6 87 Gun 139 | 4 22 5 2 . . . . 13 41 . . . 6 46 Cannon 191 | . 21 5 17 10 . 6 42 13 26 7 7 2 . 35 Launcher 19 | . . . . . . . . . 10 . 9 . . . Special 51 | . . . . . . . . . 27 6 3 9 . 6 Kinetic 25 | . . . . . . . . . 9 . . . . 16 Thermal 85 | . 21 5 2 . . . . 3 11 . . 2 . 41 Explosive . | . . . . . . . . . . . . . . . Electromagnetic 239 | 4 22 5 17 10 . 6 42 23 57 7 16 . 6 24 Robot Hit Streak 15 | 2 6 3 5 9 . 1 13 8 15 5 5 7 . 11 Robot Miss Streak 7 | 1 4 4 2 . . 2 3 3 2 1 2 1 . 7 Penetration Max . | . . . . . . . . . . . . . . . Secondary Targets 1 | . . . . . . . . . . . . . . 1 Max Gunslinging Chain 1 | . . . . . . . . . . . . . . 1 Shots Hit Robots 270 | 3 25 4 9 8 . 2 27 21 78 12 11 9 . 61 Core Hits 160 | 2 14 3 8 2 . 1 29 12 51 5 8 1 . 24 Critical Hits 2 | . . . . . . . . 2 . . . . . . Critical Kills 2 | . . . . . . . . 2 . . . . . . Critical Parts Destroyed . | . . . . . . . . . . . . . . . Melee Attacks 21 | . . . . . . . . . 6 8 7 . . . Impact . | . . . . . . . . . . . . . . . Slashing . | . . . . . . . . . . . . . . . Piercing 21 | . . . . . . . . . 6 8 7 . . . Sneak Attacks 1 | . . . . . . . . . . 1 . . . . Combat Hostiles . | . . . . . . . . . . . . . . . Follow-up Attacks . | . . . . . . . . . . . . . . . Damage Inflicted 7652 | 80 374 53 349 390 . 80 1929 554 1901 266 409 33 . 1234 Guns 1628 | 40 147 33 22 . . . . 207 573 . . . . 606 Cannons 3164 | . 227 20 289 219 . 52 714 198 488 163 133 33 . 628 Explosions 2705 | 40 . . 38 171 . 28 1215 149 788 . 276 . . . Melee 155 | . . . . . . . . . 52 103 . . . . Ramming . | . . . . . . . . . . . . . . . Kinetic 168 | . . . . . . . . . 71 . . . . 97 Thermal 2286 | 40 227 20 79 171 . 28 240 149 498 . . 33 . 801 Explosive 930 | . . . . . . . 930 . . . . . . . Electromagnetic 4113 | 40 147 33 270 219 . 52 759 405 1280 163 409 . . 336 Impact . | . . . . . . . . . . . . . . . Slashing . | . . . . . . . . . . . . . . . Piercing 155 | . . . . . . . . . 52 103 . . . . Highest Corruption 1 | . . . . . . . 1 . 1 1 1 1 1 1 Average Corruption 1 | . . . . . . . 1 . 1 1 1 1 1 1 Corruption Purged . | . . . . . . . . . . . . . . . Effects 26 | . . . . . . . . . 10 2 6 1 2 5 Message Errors 7 | . . . . . . . . . 1 . 5 . . 1 Energy Discharges 8 | . . . . . . . . . 4 . 1 . 1 2 Data Loss (minor) 5 | . . . . . . . . . 3 1 . 1 . . Targeting Errors 6 | . . . . . . . . . 2 1 . . 1 2 Overload Shots . | . . . . . . . . . . . . . . . Overflow Damage 110 | . . . 2 53 . . 32 5 10 . . . . 8 Projectiles 19 | . . . 2 2 . . 7 . . . . . . 8 Explosions 91 | . . . . 51 . . 25 5 10 . . . . . Melee . | . . . . . . . . . . . . . . . Knockbacks . | . . . . . . . . . . . . . . . Impact . | . . . . . . . . . . . . . . . Kinetic . | . . . . . . . . . . . . . . . Secondary . | . . . . . . . . . . . . . . . Self-Inflicted Damage 484 | . . . 15 . . 26 271 68 104 . . . . . Shots 14 | . . . 1 . . 1 5 2 5 . . . . . Rammed . | . . . . . . . . . . . . . . . Targets Rammed . | . . . . . . . . . . . . . . . Kicked . | . . . . . . . . . . . . . . . Crushed . | . . . . . . . . . . . . . . . Highest Temperature 316 | . 316 . 22 69 . 10 199 144 54 130 96 81 75 282 Average Temperature 78 | . 100 . 10 20 . 8 87 58 18 58 18 29 39 133 Received Heat Transfer 1106 | . 33 . 45 27 . . 360 18 392 30 30 99 . 72 Siege Activations . | . . . . . . . . . . . . . . . Robots Corrupted 4 | . . . . 2 . . . . 1 . . . . 1 Combat Hostiles 4 | . . . . 2 . . . . 1 . . . . 1 Parts Fried 12 | . . . 1 1 . . 2 2 4 . . . . 2 Impact Corruptions . | . . . . . . . . . . . . . . . Robots Melted 1 | . . . . . . . . . 1 . . . . . Combat Hostiles 1 | . . . . . . . . . 1 . . . . . Parts Melted 7 | 1 . . . . . . . 1 5 . . . . . Heat Transferred 3572 | 50 407 37 174 200 . . 250 200 762 . . 37 . 1455 Parts Sabotaged . | . . . . . . . . . . . . . . . Parts Stolen . | . . . . . . . . . . . . . . . Parts Stripped . | . . . . . . . . . . . . . . . Power Chain Reactions 13 | 1 . . 1 . . 1 3 3 4 . . . . . Missiles Intercepted . | . . . . . . . . . . . . . . . Alert | -11 -10 -10 -9 -9 -9 -8 -8 -7 -7 -7 -7 -7 -7 -6 ------- Run | Scr Mat Min Mat Min Exi Min Mat Fac Gar Fac Low Low Zio Pro Peak Influence 991 | 10 265 163 569 316 . 1 454 132 991 603 . . . . Initial 520 | . 6 103 63 153 . . . 117 88 520 . . . . Average 433 | 6 124 156 308 228 . 1 156 109 795 389 . . . . Maximum Alert Level 3 | . 1 . 2 1 . . 2 . 3 2 . . . . Low Security (%) 35 | 100 77 100 34 8 . 100 55 100 1 23 . . . . Level 1 14 | . 22 . 37 91 . . 39 . 3 7 . . . . Level 2 21 | . . . 28 . . . 5 . 14 69 . . . . Level 3 28 | . . . . . . . . . 80 . . . . . Level 4 . | . . . . . . . . . . . . . . . Level 5 . | . . . . . . . . . . . . . . . High Security . | . . . . . . . . . . . . . . . Max Security . | . . . . . . . . . . . . . . . Squads Dispatched 9 | . . . 1 . . . 3 3 . 2 . . . . Investigation 2 | . . . . . . . 1 . . 1 . . . . Extermination 2 | . . . . . . . . 1 . 1 . . . . Reinforcement 5 | . . . 1 . . . 2 2 . . . . . . Assault . | . . . . . . . . . . . . . . . Garrison . | . . . . . . . . . . . . . . . Intercept . | . . . . . . . . . . . . . . . Construction Impeded . | . . . . . . . . . . . . . . . Haulers Reinforced . | . . . . . . . . . . . . . . . Stealth | -11 -10 -10 -9 -9 -9 -8 -8 -7 -7 -7 -7 -7 -7 -6 --------- Run | Scr Mat Min Mat Min Exi Min Mat Fac Gar Fac Low Low Zio Pro Distress Signals 17 | . . . 1 . . . 2 . . 1 . . . 13 Communications Jammed . | . . . . . . . . . . . . . . . Distress Signals . | . . . . . . . . . . . . . . . Times Spotted 155 | . 10 2 18 4 . . 26 7 38 12 11 5 3 19 Peak Tracking Total 11 | . 4 2 5 2 . . 9 2 11 2 4 4 3 4 Tactical Retreats 10 | . . . . . . . 2 1 4 . 2 . . 1 Traps | -11 -10 -10 -9 -9 -9 -8 -8 -7 -7 -7 -7 -7 -7 -6 ------- Run | Scr Mat Min Mat Min Exi Min Mat Fac Gar Fac Low Low Zio Pro Traps Triggered 14 | . . . . . . . 1 2 10 . . . . 1 Indirectly . | . . . . . . . . . . . . . . . Trap Hack Attempts . | . . . . . . . . . . . . . . . Triggered . | . . . . . . . . . . . . . . . Disarmed . | . . . . . . . . . . . . . . . Reprogrammed 3 | . 3 . . . . . . . . . . . . . Reused . | . . . . . . . . . . . . . . . Traps Extracted . | . . . . . . . . . . . . . . . Installed . | . . . . . . . . . . . . . . . Triggered 2 | . . . . 1 . . . . . . . 1 . . Machines | -11 -10 -10 -9 -9 -9 -8 -8 -7 -7 -7 -7 -7 -7 -6 ---------- Run | Scr Mat Min Mat Min Exi Min Mat Fac Gar Fac Low Low Zio Pro Machines Disabled 24 | . 1 . 1 4 . . 7 1 6 2 . . 2 . Max in Single Turn 4 | . 1 . . 4 . . 2 1 2 . . . 1 . Garrison Relay 4 | . . . . . . . . . 4 . . . . . Machines Sabotaged . | . . . . . . . . . . . . . . . Garrisons Compromised . | . . . . . . . . . . . . . . . Overloaded Fab Kills . | . . . . . . . . . . . . . . . Fab Network Shutdowns . | . . . . . . . . . . . . . . . Hacking | -11 -10 -10 -9 -9 -9 -8 -8 -7 -7 -7 -7 -7 -7 -6 --------- Run | Scr Mat Min Mat Min Exi Min Mat Fac Gar Fac Low Low Zio Pro Machines Accessed 25 | . 3 . 4 . 3 . 2 4 . 8 1 . . . Terminals 16 | . 2 . 4 . . . 2 2 . 6 . . . . Fabricators . | . . . . . . . . . . . . . . . Repair Stations 1 | . . . . . . . . . . 1 . . . . Recycling Units 3 | . 1 . . . . . . 1 . 1 . . . . Scanalyzers . | . . . . . . . . . . . . . . . Garrison Access 1 | . . . . . . . . 1 . . . . . . Total Hacks 70 | . 9 . 16 . 4 . 4 11 . 25 1 . . . Successful 38 | . 8 . 10 . 4 . 1 5 . 9 1 . . . Failed 32 | . 1 . 6 . . . 3 6 . 16 . . . . Catastrophic 7 | . 1 . 1 . . . . 1 . 4 . . . . Database Lockouts . | . . . . . . . . . . . . . . . Manual 30 | . 2 . 8 . 1 . 2 5 . 10 . . 2 . Terminals 52 | . 7 . 16 . . . 4 5 . 20 . . . . Fabricators . | . . . . . . . . . . . . . . . Repair Stations 2 | . . . . . . . . . . 2 . . . . Recycling Units 9 | . 2 . . . . . . 4 . 3 . . . . Scanalyzers . | . . . . . . . . . . . . . . . Garrison Access 2 | . . . . . . . . 2 . . . . . . Terminal Hacks 24 | . 6 . 8 . 4 . . 1 . 4 1 . . . Record 3 | . . . . . 3 . . . . . . . . . Prototype ID Bank 2 | . 1 . 1 . . . . . . . . . . . Open Door 1 | . . . . . . . . . . . 1 . . . Level Access Points 1 | . . . . . . . . . . 1 . . . . Branch Access Points 3 | . 1 . 1 . . . . . . 1 . . . . Garrison Index 1 | . . . . . . . . 1 . . . . . . Alert Level 3 | . 1 . 2 . . . . . . . . . . . Unreport Threat 2 | . . . . . . . . . . 2 . . . . Locate Traps 1 | . 1 . . . . . . . . . . . . . Reprogram Traps 1 | . 1 . . . . . . . . . . . . . Dispatch Records 2 | . . . 2 . . . . . . . . . . . Security Status 1 | . . . 1 . . . . . . . . . . . Zone Layout 2 | . 1 . 1 . . . . . . . . . . . EX-Prototype ID Bank 1 | . . . . . 1 . . . . . . . . . Fabricator Hacks . | . . . . . . . . . . . . . . . Repair Station Hacks 2 | . . . . . . . . . . 2 . . . . Scan Component 1 | . . . . . . . . . . 1 . . . . Repair 1 | . . . . . . . . . . 1 . . . . Recycling Unit Hacks 7 | . 2 . . . . . . 3 . 2 . . . . Process 1 | . . . . . . . . 1 . . . . . . Report Inventory 3 | . 1 . . . . . . 1 . 1 . . . . Retrieve Matter 2 | . 1 . . . . . . 1 . . . . . . Retrieve Components 1 | . . . . . . . . . . 1 . . . . Scanalyzer . | . . . . . . . . . . . . . . . Garrison Access Hacks 1 | . . . . . . . . 1 . . . . . . Unlock Access 1 | . . . . . . . . 1 . . . . . . Unauthorized Hacks 4 | . . . 2 . . . 1 . . 1 . . . . Terminals 4 | . . . 2 . . . 1 . . 1 . . . . Botnet 4 | . . . 2 . . . 1 . . 1 . . . . Fabricators . | . . . . . . . . . . . . . . . Repair Stations . | . . . . . . . . . . . . . . . Recycling Units . | . . . . . . . . . . . . . . . Scanalyzers . | . . . . . . . . . . . . . . . Garrison Access . | . . . . . . . . . . . . . . . Data Cores Recovered 2 | . 1 . . . . . . 1 . . . . . . Used 2 | . 1 . . . . . . 1 . . . . . . Hacking Detections 18 | . 2 . 4 . . . 2 4 . 6 . . . . Full Trace Events 1 | . . . . . . . . . . 1 . . . . Feedback Events . | . . . . . . . . . . . . . . . Feedback Blocked . | . . . . . . . . . . . . . . . Robot Schematics Acquired . | . . . . . . . . . . . . . . . Robots Built . | . . . . . . . . . . . . . . . Matter . | . . . . . . . . . . . . . . . Time . | . . . . . . . . . . . . . . . Total Robot Build Rating . | . . . . . . . . . . . . . . . Part Schematics Acquired . | . . . . . . . . . . . . . . . Parts Built . | . . . . . . . . . . . . . . . Matter . | . . . . . . . . . . . . . . . Time . | . . . . . . . . . . . . . . . Total Part Build Rating . | . . . . . . . . . . . . . . . Parts Repaired 1 | . . . . . . . . . . 1 . . . . Time 38 | . . . . . . . . . . 38 . . . . Parts Recycled . | . . . . . . . . . . . . . . . Recycled Matter 18 | . . . . . . . . 18 . . . . . . Retrieved Matter 18 | . . . . . . . . 18 . . . . . . Retrieved Components 2 | . . . . . . . . . . 2 . . . . Parts Scanalyzed . | . . . . . . . . . . . . . . . Part Schematics Acquired . | . . . . . . . . . . . . . . . Parts Damaged . | . . . . . . . . . . . . . . . Bothacking | -11 -10 -10 -9 -9 -9 -8 -8 -7 -7 -7 -7 -7 -7 -6 ------------ Run | Scr Mat Min Mat Min Exi Min Mat Fac Gar Fac Low Low Zio Pro Used RIF Installer 1 | . . . . . . . . . 1 . . . . . Robots Hacked 10 | . . . . . . . . . 1 3 1 2 . 3 Non-combat 2 | . . . . . . . . . . 2 . . . . Combat 8 | . . . . . . . . . 1 1 1 2 . 3 Robot Hacks Applied 12 | . . . . . . . . . 1 4 1 2 . 4 parse_system 1 | . . . . . . . . . . 1 . . . . purge_threat 1 | . . . . . . . . . . 1 . . . . amplify_resonance 2 | . . . . . . . . . . . . 1 . 1 go_dormant 1 | . . . . . . . . . . . . . . 1 streamctrl_high 1 | . . . . . . . . . . . 1 . . . formatsys_high 6 | . . . . . . . . . 1 2 . 1 . 2 Relay Couplers Released 16 | . . . . . . . . . 16 . . . . . Machine Destruction 16 | . . . . . . . . . 16 . . . . . Attached 6 | . . . . . . . . . 2 1 1 . . 2 Robots Rewired 9 | . . . . . . . . . 9 . . . . . Allies Hacked . | . . . . . . . . . . . . . . . Hacks Repelled . | . . . . . . . . . . . . . . . Allies | -11 -10 -10 -9 -9 -9 -8 -8 -7 -7 -7 -7 -7 -7 -6 -------- Run | Scr Mat Min Mat Min Exi Min Mat Fac Gar Fac Low Low Zio Pro Total Allies 23 | . . 3 . 1 . . . 3 10 2 1 1 . 2 Largest Group 5 | . . 3 3 1 . . . 3 5 5 4 3 3 1 Highest-Rated Group 141 | . . 40 40 31 . . . 93 111 111 141 71 71 34 Highest-Rated Ally 81 | . . 16 16 31 . . . 31 32 28 81 29 29 34 Total Orders 1 | . . . . . . . . . . . . . 1 . RETURN 1 | . . . . . . . . . . . . . 1 . Ally Attacks 169 | . . . 35 . . . . . 49 36 18 6 13 12 Total Damage 3354 | . . . 347 . . . . . 952 746 511 102 249 447 Kills 42 | . . . 10 . . . . . 12 9 7 1 1 2 Allies Corrupted 2 | . . . . . . . . . 2 . . . . . Allies Melted . | . . . . . . . . . . . . . . . Intel | -11 -10 -10 -9 -9 -9 -8 -8 -7 -7 -7 -7 -7 -7 -6 ------- Run | Scr Mat Min Mat Min Exi Min Mat Fac Gar Fac Low Low Zio Pro Robot Analysis Total . | . . . . . . . . . . . . . . . Derelict Logs Recovered 5 | . . 1 . . . . . . . . 2 1 . 1 Drone Launches 1 | . . . . . . . . . . . . . 1 . Drone Recoveries 1 | . . . . . . . . . . . . . 1 . Exploration | -11 -10 -10 -9 -9 -9 -8 -8 -7 -7 -7 -7 -7 -7 -6 ------------- Run | Scr Mat Min Mat Min Exi Min Mat Fac Gar Fac Low Low Zio Pro Turns Passed 8891 | 24 354 69 458 208 460 105 439 748 1921 1040 1209 505 613 738 Spaces Moved 5602 | 13 270 54 314 171 355 59 164 601 964 629 952 385 250 421 Core . | . . . . . . . . . . . . . . . Treads 925 | . . . . . . . . . 608 317 . . . . Legs 24 | 13 11 . . . . . . . . . . . . . Wheels 4653 | . 259 54 314 171 355 59 164 601 356 312 952 385 250 421 Hover . | . . . . . . . . . . . . . . . Flight . | . . . . . . . . . . . . . . . Fastest Speed 90 | 120 90 100 100 110 110 120 120 100 100 110 110 120 120 110 Average Speed 124 | 120 92 100 102 110 124 129 126 108 159 141 113 120 120 119 Slowest Speed 190 | 120 120 100 110 110 130 130 160 170 190 190 120 120 120 120 Overloaded Moves . | . . . . . . . . . . . . . . . Propulsion Burnouts . | . . . . . . . . . . . . . . . Robots Hopped . | . . . . . . . . . . . . . . . Cave-ins Triggered . | . . . . . . . . . . . . . . . Exploration Rate (%) 41 | 3 46 16 36 51 70 19 28 24 85 20 90 66 13 51 Regions Visited 14 Branch Regions 8 Pre-discovered Areas 2 | . . . . . 1 . . . . . . . . 1 Known Exits Taken 6 | . 1 . 1 . . . . 1 . 1 . 1 1 . Unknown Exits Taken 7 | 1 . 1 . 1 1 1 1 . . . 1 . . . Scrap Searched 22 | . . . . . . 1 . . . . 20 . . 1 Spaces Dug 7 | . . . . . . . . . . 4 3 . . . Terrain Destroyed 120 | 2 . . 3 21 . 6 55 4 22 4 3 . . . Melee 7 | . . . . . . . . . . 4 3 . . . Projectile . | . . . . . . . . . . . . . . . AOE 113 | 2 . . 3 21 . 6 55 4 22 . . . . . Terrain Rammed . | . . . . . . . . . . . . . . . Walls Destroyed . | . . . . . . . . . . . . . . . Machines Disabled . | . . . . . . . . . . . . . . . Actions | -11 -10 -10 -9 -9 -9 -8 -8 -7 -7 -7 -7 -7 -7 -6 --------- Run | Scr Mat Min Mat Min Exi Min Mat Fac Gar Fac Low Low Zio Pro Total 7091 | 17 334 59 434 181 374 81 355 674 1240 755 1044 418 556 569 Wait 816 | . 15 . 83 5 . 15 144 30 69 59 39 9 296 52 Move 5588 | 12 269 53 313 170 354 58 163 600 963 628 951 384 249 421 Hop . | . . . . . . . . . . . . . . . Pick Up 94 | . 11 . 9 . 6 3 12 6 15 8 9 2 . 13 Fast Attach 36 | 1 1 . 3 . 2 . 1 6 5 12 1 1 2 1 Attach 62 | . 1 1 4 . 1 1 7 7 12 2 4 2 . 20 Detach 10 | . . . . . 2 . 1 . 3 . 1 . 1 2 Swap 56 | . 5 . 2 . 3 1 1 . 15 8 9 8 1 3 Drop 78 | . 10 . 10 . 6 . 4 12 11 17 4 2 1 1 Fire 273 | 4 22 5 10 6 . 3 22 13 85 13 19 10 6 55 Melee 21 | . . . . . . . . . 6 8 7 . . . Ram . | . . . . . . . . . . . . . . . Kick . | . . . . . . . . . . . . . . . Crush . | . . . . . . . . . . . . . . . Escape Stasis 32 | . . . . . . . . . 31 . . . . 1 Rewire 25 | . . . . . . . . . 25 . . . . . Trap . | . . . . . . . . . . . . . . . Miscellaneous . | . . . . . . . . . . . . . . . Route ------- -11/Scrapyard -10/Materials (discovered 2 exits: Mat / *Min) -10/Mines -9/Materials (discovered 2 exits: *Min x2) -9/Mines -9/Exiles -8/Mines -8/Materials -7/Factory (discovered 2 exits: *Low / Gar) -7/Garrison (discovered 3 exits: *Fac x3) -7/Factory (discovered 6 exits: *Fac x4 / *Low x2) -7/Lower Caves -7/Lower Caves -7/Zion -6/Proximity Caves History --------- Turn | Location | Event 1 | -11/Scrapyard | Discovered new exit (range 2) 25 | -11/Scrapyard | Entered Materials 223 | -10/Materials | Identified exit to Mines 268 | -10/Materials | Discovered new exit (range 19) 305 | -10/Materials | Build established: Mutant 379 | -10/Materials | Entered Mines 422 | -10/Mines | Learned Materials trap positions 433 | -10/Mines | Discovered new exit (range 9) 444 | -10/Mines | Assisted by bots powering up and referring to "LRC-V3" 448 | -10/Mines | Entered Materials 448 | -9/Materials | Accompanied by 3 allies 448 | -9/Materials | Evolved 2 slots: Utility x2 449 | -9/Materials | Loaded intel: 8 trap records 458 | -9/Materials | Identified exit to Mines 906 | -9/Materials | Entered Mines 973 | -9/Mines | Received a Mining Laser from a helpful Derelict 1109 | -9/Mines | Deemed a non-threat by the Exiles lab entrance 1110 | -9/Mines | Discovered new exit (range 5) 1114 | -9/Mines | Entered Exiles 1141 | -9/Exiles | Met 8R-AWN 1163 | -9/Exiles | Met EX-HEX 1204 | -9/Exiles | Met EX-DEC 1293 | -9/Exiles | Learned location of Zion (-7) 1352 | -9/Exiles | Met EX-BIN 1370 | -9/Exiles | Aligned with FarCom system 1371 | -9/Exiles | Given EX-Vault access code 1401 | -9/Exiles | Opened EX-Vault 1442 | -9/Exiles | Found Superbattery 1470 | -9/Exiles | Warned to stay clear of 0b10 Research branches 1522 | -9/Exiles | Build established: Hauler-Mutant 1558 | -9/Exiles | Discovered new exit (range 14) 1574 | -9/Exiles | Left Exiles lab with Superbattery 1574 | -9/Exiles | Entered Mines 1633 | -8/Mines | Discovered new exit (range 8) 1679 | -8/Mines | Entered Materials 1679 | -8/Materials | Evolved 2 slots: Utility x2 2093 | -8/Materials | Lost 5 parts (1p2n2w) 2107 | -8/Materials | Discovered new exit (range 7) 2110 | -8/Materials | Core integrity fell below 50% 2118 | -8/Materials | Entered Factory 2118 | -7/Factory | Evolved 2 slots: Utility x2 2485 | -7/Factory | Build established: Hacker-Mutant 2811 | -7/Factory | Discovered new exit (range 9) 2855 | -7/Factory | Allied Derelicts emerged from ambush trap array 2862 | -7/Factory | Identified exit to Garrison 2866 | -7/Factory | Entered Garrison 2866 | -7/Garrison | Accompanied by 3 allies 2886 | -7/Garrison | Triggered checkpoint 2906 | -7/Garrison | Triggered checkpoint 2961 | -7/Garrison | Destroyed 8 combat bots 3034 | -7/Garrison | Discovered new exit (range 15) 3065 | -7/Garrison | Installed Relay Interface Framework 3205 | -7/Garrison | Build established: Mutant 3222 | -7/Garrison | Triggered checkpoint 3277 | -7/Garrison | Garrison Relay disabled 3426 | -7/Garrison | Triggered checkpoint 3483 | -7/Garrison | Lost 7 parts (2n2u3w) 3564 | -7/Garrison | Garrison Relay disabled 3815 | -7/Garrison | Build established: Scavenger-Mutant 4016 | -7/Garrison | Triggered checkpoint 4035 | -7/Garrison | Discovered new exit (range 6) 4075 | -7/Garrison | Garrison Relay disabled 4150 | -7/Garrison | Triggered checkpoint 4168 | -7/Garrison | Triggered checkpoint 4218 | -7/Garrison | Discovered new exit (range 8) 4286 | -7/Garrison | Triggered checkpoint 4333 | -7/Garrison | Garrison Relay disabled 4635 | -7/Garrison | Build established: Bothacker-Mutant 4787 | -7/Garrison | Entered Factory 4787 | -7/Factory | Accompanied by 4 allies 5085 | -7/Factory | Repaired Imp. Light Armor Plating 5289 | -7/Factory | Discovered new exit (range 11) 5311 | -7/Factory | Identified exit to Factory 5649 | -7/Factory | Identified exit to Lower Caves 5827 | -7/Factory | Entered Lower Caves 5827 | -7/Lower Caves | Accompanied by 3 allies 6353 | -7/Lower Caves | Learned Factory emergency access door positions 6362 | -7/Lower Caves | Spotted B-75 Beast 6376 | -7/Lower Caves | Hijacked Beast 4a control node with streamctrl_high 6460 | -7/Lower Caves | Allies destroyed Beast 4a 7004 | -7/Lower Caves | Discovered new exit (range 9) 7036 | -7/Lower Caves | Entered another Lower Caves area 7036 | -7/Lower Caves | Accompanied by 2 allies 7441 | -7/Lower Caves | Learned Factory terminal intel 7518 | -7/Lower Caves | Discovered new exit (range 9) 7531 | -7/Lower Caves | Identified exit to Zion 7541 | -7/Lower Caves | Entered Zion 7541 | -7/Zion | Accompanied by 3 allies 7598 | -7/Zion | Discovered new exit (range 9) 7607 | -7/Zion | Identified exit to Proximity Caves 7676 | -7/Zion | Given the Hacking Drone Bay 7676 | -7/Zion | Found Prototype Device 7676 | -7/Zion | Identified Hacking Drone Bay 7727 | -7/Zion | Received a hallucinogenic algorithm 8098 | -7/Zion | RIF detected upon attempting to enter Zion 8098 | -7/Zion | Attacked by Zionites 8098 | -7/Zion | Spotted IO-51N(B) 8098 | -7/Zion | Spotted 3J-YET(B) 8114 | -7/Zion | Core integrity fell below 50% 8154 | -7/Zion | Entered Proximity Caves 8160 | -6/Proximity Caves | Attracted the attention of an 0b10 checkpoint 8277 | -6/Proximity Caves | Lost 6 parts (1p4u1w) 8534 | -6/Proximity Caves | Core integrity fell below 20% 8581 | -6/Proximity Caves | Lost 8 parts (2p1n1u4w) 8861 | -6/Proximity Caves | Lost 4 parts (1p2u1w) 8892 | -6/Proximity Caves | Destroyed by G-50 Soldier with Heavy Laser Last Messages --------------- 08821_ System corrupted: Autogun targeting data glitched. 08822_ Imp. Deuterium Engine destroyed. 08827_ Autogun destroyed. 08830_ Imp. Cooling System destroyed. 08830_ S-27 Virus destroyed. 08835_ Autogun fries itself beyond repair. 08835_ Lgt. Nuclear Core fries itself beyond repair. 08835_ Acquired Lgt. Nuclear Core. 08837_ Acquired 22 matter. 08838_ Acquired 18 matter. 08841_ Acquired 10 matter. 08842_ Acquired 9 matter. 08842_ VTOL Module fries itself beyond repair. 08848_ System corrupted: Energy discharge (-666). 08875_ Jacked L-41 Fighter... >>formatsys_high Rerouting network defenses. Erasing system data. Installing primary routines, ETC: 6. 08877_ Reactivated Fighter 5a. Map ----- +----------------------------------------------------+ | ????????????????## #???## # ## | | ????????????????# ## #????#### ## # ## | | ????????????????# ### #??????##### | | ???????????????## ##?# ##??????????# | | ?????????####### ##??####???????????## | | ?????????# ## ##??????????????????# | | ??????????# #??????????????##??# | | ??????????# #????????????## ## | | ??????????# ##????????????# ## ## | | ??????????## ###????????????# ######## | | ???????????## #?????????????? #?????## | | ????????????## #?????????????? #?????# | | ?????????????#####?????????????? ?????# | | ???????????????????????????????# ## ???### | | ????????????????????????????????## #####???# | | ?????????????????????????????????## ##?????# | | ??????????????????????????????????# ##???## | | ?????????????????????????????????## ##?## | | ????????????????????????????????## ### | | ???????????????????????????###??# ## | | ????????????????????????#### #??# ## | | ????????????????????????# #### % % ## | | ????????????????????????# %## ###% | | ????????????????????????# # #?? ##?#%# | | ???????????????????????## ###### #???## #??#*# | | ??????????????????????## @ ##????# #????# #### # | | ??????????????????????# ##?##??# #????# ## | | ??????????????????????# ##?## ### ##???# ## | | ??????????????????????## #??# %##### #### | | ???????????????????????# #??### / ## #### | | ???????????????????????# ####### ## % | | ???????????????????????# gl ## # ###### | | ???????????????????????# ## ###??# | | ???????????????????????########### ## ##?# | | ?????????????????????????????????# #?# | | ?????????????????????????????????## ### | | ??????????????????????????????????## | | ???????????????????????????????????## ## | | ????????????????????????????????????# ## ## | | ????????????????????????????????????# # ### | | ????????????????????????????????????#### # ##?# | | ???????????????????????????????????????# ###?? # | | ???????????????????????????????????????# #???? # | | ???????????????????????????????????????# ??? | | ???????????????????????????????????????# ??? | | ???????????????????????????????????????####??## | | ??????????????????????????????????????????????#### | | ?????????????????????????????????????????????????? | | ?????????????????????????????????????????????????? | | ?????????????????????????????????????????????????? | +----------------------------------------------------+ Best States ------------- Heat Dissipation 70 Coolant Potential 50 Energy Generation 19 Energy Capacity 2290 Matter Stores 300 Matter Capacity 300 Sight Range 16 Robot Scan Range 13 Terrain Scan Density 10 ECM Strength 1 Armor Coverage 600 Resistance: EM 15 Weapon Shielding 66 Evasion (%) 42 Targeting Accuracy 6 Armor Integrity Analysis 33 Recoil Reduction 2 Particle Charging 15 Offensive Hacking 10 Defensive Hacking 10 Relay Coupler Types 62 Relay Coupler Value 3 Item Schematics ----------------- None Robot Schematics ------------------ None Fabricated ------------ Nothing Alien Tech Used ----------------- None Achievements -------------- Error 47 Challenges ------------ None Game ------ Seed WeldingMagneticBooster Manual? 0 Play Time 02:09:48 Cumulative 70.8 hours Start 2020.10.19 @ 02:06:24 End 2020.10.20 @ 02:31:20 Sessions 1 Manual Loads 0 Difficulty Rogue Special Mode None Game No. 90 Rogue 90 Adventurer 0 Explorer 0 Win Type - Total 0 Types 0/0/0/0/0/0/0/0/0 Lore% 48 Gallery% 54 Achievement% 35 Wizard Run 0 Options --------- ASCII 0 Keyboard 0 Movement Mouse Keybinds 0 Fullscreen 1 Font 24/Smallcaps Map View 76x50 Tactical HUD 1 Map Filters NONE Filters NONE Steam 1 RUN: b6c9d08e-87e1-41b0-a55e-536dba3e2c68